 Dungeon Crawl Stone Soup version 0.30-a0-358-g0d69a1922f (webtiles) character file.

Game seed: 13857340965609537991

14 MrRokkomies the Slasher (level 2, 0/26 HPs)
             Began as a Meteoran Cinder Acolyte on Nov 10, 2022.
             Was a High Priest of Ignis.
             Slain by an orc
             ... wielding a +0 mace
              (3 damage)
             ... on level 2 of the Dungeon.
             The game lasted 00:00:36 (194 turns).

MrRokkomies the Slasher (Meteoran Cinder Acolyte)    Turns: 194, Time: 00:00:37

Health: 0/26       AC:  2    Str: 15    XL:     2   Next: 82%
Magic:  2/5        EV: 11    Int: 15    God:    Ignis [*****.]
Gold:   21         SH:  0    Dex:  9    Spells: 1/3 levels left

rFire   + . .      SeeInvis .    a - -1 falchion (flame)
rCold   . . .      Faith    .    (no shield)
rNeg    . . .      Spirit   .    b - +0 robe
rPois   .          Reflect  .    (no helmet)
rElec   .          Harm     .    (no cloak)
rCorr   .          Rampage  .    (no gloves)
Will    .....                    (no boots)
Stlth   +.........               (no amulet)
HPRegen 0.24/turn                (no ring)
MPRegen 0.09/turn                (no ring)

@: glowing
A: sense surroundings 1, otherworldly, glowing, explore regen
a: Renounce Religion, Fiery Armour, Foxfire Swarm, Rising Flame


You were on level 2 of the Dungeon.
You worshipped Ignis.
Ignis was extremely pleased with you.
You visited 1 branch of the dungeon, and saw 2 of its levels.

You collected 21 gold pieces.

Inventory:

Hand Weapons
 a - a -1 falchion of flaming (weapon)
Armour
 b - a +0 robe (worn)


   Skills:
 * Level 3.6 Fighting
 * Level 4.0 Long Blades
 + Level 0.7 Dodging
 - Level 1.3 Spellcasting
 + Level 3.8 Fire Magic


You had one spell level left.
You knew the following spells:

 Your Spells              Type           Power      Damage    Failure   Level
a - Scorch                Fire           24%        2d6       8%          2

Your spell library contained the following spells:

 Spells                   Type           Power      Damage    Failure   Level


Dungeon Overview and Level Annotations

Branches:
Dungeon (1/15) Zot: 1004

Altars:

Annotations:
D:1 2 transporters
D:2 Jessica


Innate Abilities, Weirdness & Mutations

You passively map a small area around you.
You are easily found by Zot.
You glow in the dark.
You regain HP and MP as you explore.


Message History

Your Long Blades skill increases to level 4!
You feel sick.
You see here an adder corpse.
Memorise Scorch, consuming 2 spell levels and leaving 1?
You feel sick.
You start memorising the spell.
You continue memorising.
You feel sick.
You are no longer poisoned.
You continue memorising.
You finish memorising.
Spell assigned to 'a'. 4 orcs come into view.
The orc shouts! x4
Casting: Scorch (safe; 8% risk of failure)
Confirm with . or Enter, or press ? or * to list all spells.
Flames lash the orc.
The orc is moderately wounded.
The orc's fire resistance burns away.
The orc hits you from afar with a +0 trident.
Casting: Scorch (safe; 8% risk of failure)
Confirm with . or Enter, or press ? or * to list all spells.
Flames lash the orc.
The orc is almost dead.
The orc's fire resistance burns away.
The orc hits you from afar with a +0 trident.
Unknown command.
The orc attacks as you move away! The orc hits you but does no damage.
Jessica the Apprentice Sorceress comes into view.
She is wielding a +0 dagger.
You see here an adder corpse.
The orc attacks as you move away! The orc hits you with a +0 mace.
* * * LOW HITPOINT WARNING * * *
The orc is no longer more vulnerable to fire.
The orc attacks as you move away! The orc hits you with a +0 mace.
* * * LOW HITPOINT WARNING * * *
The orc attacks as you move away! The orc hits you but does no damage.
The orc attacks as you move away! The orc hits you with a +0 mace.
* * * LOW HITPOINT WARNING * * *
The orc attacks as you move away! The orc hits you with a +0 mace.
* * * LOW HITPOINT WARNING * * *
The orc attacks as you move away! The orc hits you with a +0 mace.
You die...

* , * , , * *## , , .# *
* * ##. * , , * ..... , *
* ***#.#.. , *,* #.#.. *
#@#.. #o#..##########. **
* #.##............ *
....* #o###.....####** ,
, , , ,... #.o.ooo......#
, ,,..############..#.# ,
*, ,
.................†####, ,
,
***#.######....###.#....#
* *
#.#....'..........##@#


You could see 3 orcs.

Vanquished Creatures
  An adder (D:2)
  2 endoplasms (D:1)
  A kobold (D:1)
  A bat (D:1)
  A frilled lizard (D:1)
6 creatures vanquished.

Notes
Turn   | Place    | Note
-------+----------+-------------------------------------------
     0 | D:1      | MrRokkomies the Meteoran Cinder Acolyte began the quest for
                  | the Orb.
     0 | D:1      | Reached XP level 1. HP: 19/19 MP: 3/3
    82 | D:1      | Reached XP level 2. HP: 26/26 MP: 5/5
   132 | D:1      | You fall into a shaft and drop 1 floor!
   169 | D:2      | Reached skill level 4 in Long Blades
   173 | D:2      | Learned a level 2 spell: Scorch
   179 | D:2      | Noticed Jessica
   184 | D:2      | HP: 1/26 [orc/+0 mace (3)]
   194 | D:2      | Slain by an orc

Illustrated notes

Levels and vault maps discovered:
D:1:      spicycebolla_arrival_transporter_tutorial, layout_loops_corners,
          serial_bayou_pond_e
D:2:      layout_basic, serial_shops, shop, uniq_jessica

Skill      XL: |  1  2 |
---------------+-------+-----
Long Blades    | 4 |  4.0
Fighting       | |  3.6
Dodging        | |  0.7
Spellcasting   | |  1.3
Fire Magic     | |  3.8

Action                   || total
-------------------------++-------
Melee: Falchion          ||    20
 Cast: Scorch            ||     2
Armor: Robe              ||     4
Dodge: Dodged            ||    11

Table legend: (Time is in decaauts)
 A = Elapsed time spent in this place.
 B = Non-inter-level travel time spent in this place.
 C = Inter-level travel time spent in this place.
 D = Time resting spent in this place.
 E = Time spent auto-exploring this place.
 F = Levels seen in this place.
 G = Mean time per level.
                   A        B        C        D        E       F      G
               +--------+--------+--------+--------+--------+-----+--------+
         Total |    195 |    195 |      0 |      0 |    130 |   2 |   97.5 |
       Dungeon |    195 |    195 |      0 |      0 |    130 |   2 |   97.5 |
               +--------+--------+--------+--------+--------+-----+--------+

Top non-repeatable levels by time:
     D:1: 133 daAuts
     D:2: 62 daAuts
